[Event "Benidorm Open-A 2022"]
[Site "Benidorm"]
[Date "2022.12.09"]
[Round "8.5"]
[White "Ajay Karthikeyan"]
[Black "Christiansen, Johan-Sebastian"]
[Result "1/2-1/2"]
[ECO "B29"]
[WhiteElo "2441"]
[BlackElo "2582"]
[Annotator "TA"]
[PlyCount "65"]
[EventDate "2022.12.03"]
[EventType "swiss"]
[EventCountry "ESP"]
[SourceTitle "playchess.com"]
[Source "ChessBase"]
[SourceQuality "1"]
[TimeControl "5400+30"]

1. e4 c5 2. Nf3 Nf6 3. e5 Nd5 4. Nc3 Nxc3 5. dxc3 Nc6 6. Bf4 Qb6 {B29: Sicilian: 2 Nf3 Nf6 (Nimzowitsch Variation).} 7. b3 Qc7 8. Qd2 {[%cal Oe5e6] Hoping for e6!} e6 {White is slightly better.} 9. h4 h6 10. h5 b6 11. Be2 Bb7 {[#]} 12. c4 $146 ({Predecessor:} 12. Rh4 Ne7 13. Rg4 g5 14. hxg6 Nxg6 15. O-O-O O-O-O 16. Kb2 Bg7 17. Qe3 h5 18. Rg3 {½-½ (43) Popov,I (2592)-Vitiugov,N (2719) St Petersburg 2018}) 12... O-O-O 13. O-O-O g5 14. hxg6 fxg6 15. Qe3 (15. Kb1 $14) 15... Bg7 (15... Ne7 $1 $11) 16. g4 {White has more active pieces. The black rooks are badly placed.} (16. Bxh6 $16 Bxe5 17. Nxe5 Qxe5 18. Qxe5 Nxe5 19. Bg5 Rxh1 20. Rxh1) 16... g5 $36 {[%mdl 2048] Black fights for an advantage.} 17. Bg3 Nd4 (17... Rhf8 $5 ) 18. Rhe1 $1 Nxe2+ 19. Rxe2 Rdf8 20. Nd2 h5 21. gxh5 (21. Qxg5 $2 {too greedy.} Bf3 22. Qxg7 (22. Nxf3 $2 Bh6 $19) 22... Bxe2 $17) 21... g4 22. Kb1 Rxh5 23. Ne4 Rf3 (23... Bc6 {feels hotter.} 24. Nf6 Bh6 25. Qd3 Rh3) 24. Qd2 {[#] Threatens to win with Nd6+.} Bxe4 (24... Bxe5 $2 25. Bxe5 Rxe5 26. Nd6+ Kb8 27. Rxe5 $18) 25. Rxe4 Rf8 26. Qe2 Rg5 27. Re1 ({Much worse is} 27. Rxg4 $6 Rxg4 28. Qxg4 Bxe5 $11) 27... Rff5 28. Rxg4 Qc6 29. Rxg5 Rxg5 30. Bf4 Rf5 31. Qg4 Bf8 32. Bg3 a6 ({Better is} 32... Qf3 33. Qg8 Qh5) 33. Qe4 {Weighted Error Value: White=0.12 (very precise) /Black=0.17 (very precise)} (33. Qg6 $16) 1/2-1/2

[Event "Benidorm Open-A 2022"]
[Site "Benidorm"]
[Date "2022.12.09"]
[Round "8.6"]
[White "Gavarrete, Nahun"]
[Black "Mannion, Stephen R"]
[Result "1/2-1/2"]
[ECO "A20"]
[WhiteElo "2308"]
[BlackElo "2227"]
[Annotator "TA"]
[PlyCount "66"]
[EventDate "2022.12.03"]
[EventType "swiss"]
[EventCountry "ESP"]
[SourceTitle "playchess.com"]
[Source "ChessBase"]
[SourceQuality "1"]
[TimeControl "5400+30"]

1. c4 e5 2. g3 Nf6 3. Bg2 c6 4. d4 exd4 5. Qxd4 Na6 6. Nc3 {Against d5. A20: English Opening: 1...e5.} Bc5 7. Qd1 O-O 8. Nf3 {The position is equal.} Re8 9. O-O Bf8 10. b3 Nc5 11. Bb2 {[#]} d5 $146 ({Predecessor:} 11... a5 12. Nd4 d6 13. Rc1 Bg4 14. Qd2 Qb6 15. h3 Bh5 16. Kh2 Bg6 17. Rfd1 a4 18. bxa4 Nxa4 19. Nxa4 Rxa4 {0-1 (87) Rodrigue Lemieux,S (2276)-Zhigalko,S (2572) Chess.com INT 2021}) 12. cxd5 cxd5 13. Rc1 a6 14. Qd4 h6 15. Rfd1 Be6 16. Ne5 Ncd7 {Hoping for ...Bc5.} 17. Nd3 {[%cal Rc3d5] Inhibits Bc5. White is much more active.} ({Much worse is} 17. Nxd5 Bxd5 18. Nxd7 Qxd7 $15) 17... Qb6 18. Nf4 $2 (18. Nxd5 $2 {is the wrong capture.} Qxd4 19. Nxf6+ {[#]} Qxf6 $1 20. Bxf6 Nxf6 $19) (18. Qxb6 $16 {stays on course.} Nxb6 19. Nf4) 18... Bc5 $17 19. Qd3 {Loses the game.} (19. Ncxd5 $17 Bxd5 20. Nxd5 Bxd4 21. Nxb6 Bxb6 22. Rd6) 19... Bxf2+ $19 20. Kh1 Ne5 21. Qb1 Be3 22. Na4 Qd6 {White must now prevent ...Neg4.} 23. Bd4 (23. Rf1 {was necessary.}) 23... Bxc1 24. Qxc1 Rac8 {[%cal Ba8c8,Bc8c7,Bc7c1][%mdl 32] Inhibits Qc5.} 25. Qb2 Ned7 26. Nc3 b5 27. e4 $2 (27. a3) 27... b4 28. Ncxd5 Bxd5 29. exd5 Rc7 30. Bf3 Rec8 {...Rc2 is the strong threat.} 31. Rd2 Rc1+ 32. Kg2 g5 33. Nd3 {[#]} g4 $1 {[%mdl 32768] Weighted Error Value: White=0.49/Black=0.30. An unexpected result.} 1/2-1/2

[Event "Benidorm Open-A 2022"]
[Site "Benidorm"]
[Date "2022.12.09"]
[Round "8.7"]
[White "Chernikov, Vladimir"]
[Black "Escartin Lacasa, Jose"]
[Result "1/2-1/2"]
[ECO "A06"]
[WhiteElo "2247"]
[BlackElo "2277"]
[Annotator "TA"]
[PlyCount "60"]
[EventDate "2022.12.03"]
[EventType "swiss"]
[EventCountry "ESP"]
[SourceTitle "playchess.com"]
[Source "ChessBase"]
[SourceQuality "1"]
[TimeControl "5400+30"]

1. Nf3 d5 2. b3 c5 3. e3 Nf6 4. Bb2 Nc6 5. Bb5 Bd7 6. O-O e6 7. d4 {A06: Réti Opening: 1 Nf3 d5.} a6 8. Bd3 Bd6 9. a3 {[#] White has an edge.} Qc7 $146 ({Predecessor:} 9... b5 10. c4 Ne7 11. Nbd2 Ng6 12. Ne5 dxc4 13. bxc4 bxc4 14. Ndxc4 Bxe5 15. dxe5 Nd5 {1-0 (59) Gomes,G (1613)-De Souza Segundo,M Recife 2019}) 10. dxc5 Bxc5 11. Nbd2 e5 12. b4 {Against e4} (12. c4 $1 $14) 12... Be7 (12... Bd6 {simplifies} 13. e4 d4 14. c3 dxc3 15. Bxc3 O-O) 13. c4 {Strongly threatening cxd5.} (13. e4 {simplifies} Rd8 14. Re1 dxe4 15. Nxe4 Nxe4 16. Bxe4 Be6 17. Qe2) 13... dxc4 14. Bxc4 (14. Nxc4 e4 15. Bxf6 Bxf6 16. Bxe4 Bxa1 17. Qxa1 O-O $11) 14... e4 15. Ng5 (15. Nd4 $1 $14) 15... Ng4 $11 16. Bxf7+ Kf8 17. f4 Bxg5 $40 {[%mdl 128] Black attacks.} (17... Nxe3 $2 18. Qh5 Qb6 19. Kh1 $1 $18 (19. Ne6+ Bxe6 20. Bxe6 Nd8 $11)) (17... exf3 18. Ngxf3 Bf6 19. Ba2 $18 (19. Bxf6 Nxe3 20. Qc1 gxf6 $16)) 18. Nxe4 (18. Bh5 $11 {might be stronger.} Bf6 19. Bxg4 Bxg4 20. Qxg4 Bxb2 21. Rad1) 18... Bf6 $1 $15 (18... Nxe3 19. Qb3 Nxf1 20. Nxg5 Qb6+ 21. Kxf1 $18) 19. Nxf6 Nxf6 20. Ba2 Be8 21. e4 Nxe4 22. Be5 {This pair of bishops is nice.} Qb6+ (22... Qe7 $1 $11) 23. Kh1 $14 Rd8 {Prevents Qd5.} (23... Nf2+ $2 24. Rxf2 $1 Rd8 25. Rd2 $18) 24. Qe2 (24. Qc2 $16 Qe3 25. Rae1 Nf2+ 26. Qxf2 Qxf2 27. Rxf2 Nxe5 28. fxe5+ Ke7 29. Rc1) 24... Nf6 $11 25. Bxf6 $2 (25. Rad1 $11 {and White is okay.}) 25... gxf6 $19 26. Qe6 {[#]} (26. Rae1 {was worth a try.}) 26... Qd4 $2 (26... Kg7 $1 $19 {Hoping for ...Bg6.} 27. Qh3 Rf8) 27. Rad1 $11 {The position is equal.} Qb2 {Threatens to win with ...Rxd1.} 28. Rb1 {Dancing on a razor blade.} Qd4 {aiming for ...Qd6.} 29. Rbd1 Qb2 {And now ...Rxd1 would win.} 30. Rb1 Qd4 {Weighted Error Value: White=0.34/Black=0.25 (precise)} 1/2-1/2

[Event "Benidorm Open-A 2022"]
[Site "Benidorm"]
[Date "2022.12.09"]
[Round "8.8"]
[White "Vignesh B"]
[Black "Ram Aravind L N"]
[Result "1/2-1/2"]
[ECO "D02"]
[WhiteElo "2032"]
[BlackElo "2272"]
[Annotator "TA"]
[PlyCount "73"]
[EventDate "2022.12.03"]
[EventType "swiss"]
[EventCountry "ESP"]
[SourceTitle "playchess.com"]
[Source "ChessBase"]
[SourceQuality "1"]
[TimeControl "5400+30"]

1. d4 d5 2. Nf3 Nf6 3. g3 e6 4. Bg2 c5 5. O-O Nc6 6. c4 cxd4 7. Nxd4 Bc5 8. Nb3 Be7 9. cxd5 Nxd5 10. Nc3 {E01: Catalan: Early deviations.} Nxc3 11. bxc3 {[#]} (11. Qxd8+ {simplifies} Nxd8 12. bxc3 Bd7 13. Be3) 11... Qc7 $146 ({Predecessor:} 11... O-O 12. Nd4 Nxd4 13. cxd4 Bf6 14. Bb2 Rb8 15. Rc1 Bd7 16. Qb3 Bc6 17. e4 Bxd4 {0-1 (27) Voit,D (2354)-Ambartsumova,K (2382) Chess.com INT 2021}) 12. Nd4 {White is slightly better.} Bd7 13. Nb5 Qb8 14. Rb1 {Hoping for Ba3. White has more active pieces. The black rooks are badly placed.} a6 {[#]} (14... Nd8 $14) 15. Nd4 ({White should play} 15. Na3 $1 $16) 15... Qc8 $14 16. Nxc6 Bxc6 17. Qd4 (17. Rb6 {simplifies} Bxg2 18. Kxg2 O-O 19. Qb3) 17... O-O 18. Bxc6 Qxc6 19. Rb6 {Inhibits b5.} Qc8 {[#] Strongly threatening ...Bc5.} (19... e5 $5 20. Rxc6 exd4 $11) 20. Qe4 $36 {[%mdl 2048] White has the initiative.} Rd8 21. Rxb7 Bf6 22. Be3 {Threatens to win with c4.} Qxc3 23. Rc1 (23. a4 {simplifies} Qe5 24. Qxe5 Bxe5 25. Rc1) 23... Qa5 24. Bb6 Qd2 25. Qc2 (25. Qe3 {simplifies} Qxe3 26. Bxe3 h5 27. a4) 25... Rd5 26. a4 h5 27. Be3 (27. a5 $16) 27... Qxc2 $11 28. Rxc2 Bd4 29. Kg2 Rad8 30. Rc6 g5 $2 (30... Bxe3 $11 31. fxe3 Ra5) 31. Rxa6 $2 (31. Bxd4 $16 Rxd4 32. Rxa6) 31... Bc3 $2 (31... Bxe3 $11 32. fxe3 Rd2) 32. Raa7 f5 (32... Rf5 {keeps fighting.} 33. Bb6 Rd2) 33. Rc7 Be5 34. Rc5 Rxc5 35. Bxc5 Bc3 36. Bb6 Rd5 37. h4 {Weighted Error Value: White=0.23 (precise) /Black=0.42} 1/2-1/2

[Event "Benidorm Open-A 2022"]
[Site "Benidorm"]
[Date "2022.12.09"]
[Round "8.9"]
[White "Docx, Stefan"]
[Black "Grabuzova, Tatiana"]
[Result "0-1"]
[ECO "A84"]
[WhiteElo "2446"]
[BlackElo "2229"]
[Annotator "TA"]
[PlyCount "33"]
[EventDate "2022.12.03"]
[EventType "swiss"]
[EventCountry "ESP"]
[SourceTitle "playchess.com"]
[Source "ChessBase"]
[SourceQuality "1"]
[TimeControl "5400+30"]

1. d4 e6 2. c4 f5 3. e3 Nf6 4. Nc3 Bb4 5. Nge2 O-O 6. a3 {A85: Dutch Defence: 2 c4 Nf6 3 Nc3.} Bxc3+ 7. Nxc3 d6 8. Be2 {[#] White is slightly better.} Nc6 $146 ({Predecessor:} 8... Qe7 9. O-O e5 10. b4 Nc6 11. Nd5 Nxd5 12. cxd5 Nd8 13. Bb2 Nf7 14. Rc1 f4 {½-½ (54) Prieb,R (1918)-Noritsyn,N (2512) Chess.com INT 2020}) 9. O-O e5 10. b4 exd4 11. exd4 Ne4 12. Bb2 Nxc3 13. Bxc3 d5 14. Bf3 (14. Re1 $142) 14... Ne7 {[#]} (14... dxc4 $2 15. Re1 $16) (14... Be6 $142) 15. Re1 $1 $16 {White is clearly better.} c6 16. b5 {Bb4 is the strong threat.} Rf6 17. Bb4 {[%mdl 32768] White took control after the opening.   Weighted Error Value: White=0.07 (flawless) /Black=0.14 (very precise) . Loss on time!?} 0-1

[Event "Benidorm Open-A 2022"]
[Site "Benidorm"]
[Date "2022.12.09"]
[Round "8.10"]
[White "Kuipers, Eelco"]
[Black "Ojas Kulkarni"]
[Result "1/2-1/2"]
[ECO "B40"]
[WhiteElo "2311"]
[BlackElo "2233"]
[Annotator "TA"]
[PlyCount "65"]
[EventDate "2022.12.03"]
[EventType "swiss"]
[EventCountry "ESP"]
[SourceTitle "playchess.com"]
[Source "ChessBase"]
[SourceQuality "1"]
[TimeControl "5400+30"]

1. e4 c5 2. Nf3 e6 3. d4 cxd4 4. Nxd4 Nf6 5. Nc3 Nc6 6. Nxc6 bxc6 7. Bd3 d5 8. O-O Be7 9. b3 O-O {B40: Sicilian: 2...e6, Unusual lines.} 10. Bb2 a5 11. Qe2 d4 12. Na4 {[#] White wants to play e5.} c5 $146 ({Predecessor:} 12... e5 13. f4 Bd6 14. Bc1 Re8 15. f5 h6 16. Rf3 Nh5 17. Bc4 Bb7 18. Bd2 c5 {½-½ (73) Petukhov,V (2207)-Turoczi,P (2162) ICCF email 2019}) 13. Bc1 e5 14. Nb2 Be6 15. a4 Nd7 16. Bc4 Nb6 17. Bxe6 $1 fxe6 18. Qb5 Qd6 19. Bd2 Rfb8 $1 20. Qd3 ({Much weaker is} 20. Bxa5 Nd7 21. Qe2 Rxa5 $17) 20... Qc6 {The position is equal.} 21. f4 (21. c3 {simplifies} c4 22. Nxc4 Nxc4 23. Qxc4 Qxc4 24. bxc4 Rb2 25. Rfd1) 21... c4 22. Nxc4 Nxc4 23. bxc4 Rc8 24. fxe5 Qxc4 25. Qh3 Rf8 26. Rxf8+ Rxf8 27. Qd3 (27. Bxa5 $2 {is the wrong capture.} d3 28. Qxd3 Qc5+ 29. Kh1 Qxa5 $19) 27... Qc5 28. Rf1 Rxf1+ 29. Kxf1 Qxe5 30. g3 Bg5 31. Bxg5 Qxg5 32. Qxd4 Qc1+ 33. Kg2 {Weighted Error Value: White=0.05 (flawless) /Black=0.04 (flawless)} 1/2-1/2

[Event "Benidorm Open-A 2022"]
[Site "Benidorm"]
[Date "2022.12.09"]
[Round "8.11"]
[White "Harshad S"]
[Black "Ibanez Aullana, Ramon"]
[Result "1-0"]
[ECO "C11"]
[WhiteElo "2202"]
[BlackElo "2270"]
[Annotator "TA"]
[PlyCount "67"]
[EventDate "2022.12.03"]
[EventType "swiss"]
[EventCountry "ESP"]
[SourceTitle "playchess.com"]
[Source "ChessBase"]
[SourceQuality "1"]
[TimeControl "5400+30"]

1. e4 e6 2. d4 d5 3. Nc3 Nf6 4. e5 Nfd7 5. Nce2 c5 6. c3 Nc6 7. Nf3 b5 8. a3 {C11: French: Classical System: 4 e5 and 4 Bg5 dxe4.} a5 9. Nf4 Ba6 10. h4 {White has an edge.} cxd4 11. cxd4 Qb6 12. Be3 {[#]} a4 $146 (12... b4 $5 ) ({Predecessor:} 12... b4 13. Bxa6 Qxa6 14. Ng5 bxa3 15. bxa3 Nd8 16. Ne2 Nb6 17. O-O h6 18. Nh3 Be7 {½-½ (62) Amanov,Z (2339)-Igambergenov,A (2402) Almaty 2019}) 13. Bd3 (13. Ng5 {with more complications.} Qa5+ 14. Bd2 Qb6 15. Bc3) 13... Na5 $2 (13... Qa5+ $11 {and Black has nothing to worry.} 14. Bd2 Qb6) 14. O-O $2 ({White has to play} 14. Ng5 $1 $18) 14... Nb3 $2 {[%mdl 8192] [#]} (14... Be7 $11) 15. Ng5 $1 $18 b4 {[#]} (15... Nxd4 $2 16. Ngxe6 $1 fxe6 17. Bxd4 $18) (15... Nxa1 16. Qh5) 16. Qh5 $1 g6 {[#]} (16... Nxd4 $2 17. Qxf7+ (17. Nxh7 bxa3 18. bxa3 Bxd3 $16) 17... Kd8 18. Nfxe6+ $18) 17. Bxg6 fxg6 18. Nxg6 {The board is on fire.} hxg6 (18... Be2 {was necessary.} 19. f3 O-O-O) 19. Qxg6+ Kd8 20. Rac1 $2 Nxc1 $4 (20... Nxd4 $2 21. Bxd4 Nc5 22. Bxc5 Bxc5 {[#]} 23. Rxc5 $1 $18 ) (20... bxa3 $2 21. Nf7+ Ke7 22. Bg5+ $18) (20... Bc5 $16 {is tougher.}) 21. Rxc1 {Intending Nf7+ and mate.} Bc4 (21... Rxh4 $2 22. Nxe6+) (21... bxa3 22. Nf7+ (22. Qxe6 $2 {loses.} Qxe6 23. Nxe6+ Ke7 $19) 22... Ke7 23. Nd6 Nxe5 24. dxe5 Kd7 25. Bxb6 Bc4 26. Nxc4) 22. Nxe6+ Kc8 {Threatens to win with ...Kb7.} 23. Qe8+ {[%mdl 64] Deflection} Kb7 24. Qxd7+ Kb8 25. Nxf8 Rxf8 26. e6 {White threatens e7 and mate.} Qc7 {...Qxd7 is the strong threat.} 27. e7 (27. axb4 $2 {too greedy.} Qxd7 28. exd7 Kc7 $19) 27... Rc8 28. e8=Q Rxe8 29. Qxe8+ Kb7 30. Qe5 Qd7 31. Qg3 Qe7 32. Qf3 bxa3 (32... Rf8 $18 33. Qg4 Rf7 34. axb4 Qd7) 33. Rxc4 Ra5 34. bxa3 {Black did not feel at home in the position after the opening.   Weighted Error Value: White=0.42/Black=0.87} 1-0

[Event "Benidorm Open-A 2022"]
[Site "Benidorm"]
[Date "2022.12.09"]
[Round "8.12"]
[White "Rakshitta Ravi"]
[Black "Roe, Simon J"]
[Result "1-0"]
[ECO "B40"]
[WhiteElo "2219"]
[BlackElo "2146"]
[Annotator "TA"]
[PlyCount "95"]
[EventDate "2022.12.03"]
[EventType "swiss"]
[EventCountry "ESP"]
[SourceTitle "playchess.com"]
[Source "ChessBase"]
[SourceQuality "1"]
[TimeControl "5400+30"]

1. e4 c5 2. Nf3 e6 3. g3 d5 4. exd5 exd5 5. Bg2 Nf6 6. d4 Nc6 7. O-O cxd4 8. Nxd4 Be7 {[%cal Bf8e7,Be7c5,Bc5b4,Bb4a5][%mdl 32] B44: Sicilian: Taimanov: 5 Nb5.} 9. Nxc6 bxc6 10. c4 O-O {The position is equal.} (10... dxc4 11. Bxc6+ Bd7 12. Bxa8 Qxa8 13. Re1 $16) 11. Re1 Be6 {[#]} 12. Bf4 $146 ({Predecessor:} 12. cxd5 Bxd5 13. Nc3 Bxg2 14. Kxg2 Qc7 15. Qf3 Rfd8 16. Bf4 Qb7 17. Rac1 Rac8 18. Re2 {½-½ (74) Auffray Bonnet,G (2081)-Trabet,M (2115) Agen 2022}) 12... Rc8 (12... Qb6 {is interesting.} 13. Qb3 Rac8 14. Nd2 Bc5) 13. Nd2 Bc5 {[%cal Oc5f2] Strongly threatening ...Bxf2+!} (13... dxc4 $5 14. Qc1 Ng4 $11) 14. Nb3 Bb4 15. Rxe6 fxe6 16. c5 Re8 17. Bh3 {[#] Prevents e5.} (17. a3 $15 Ba5 18. Bh3) 17... Ne4 (17... e5 $1 $19 18. Be3 (18. Bg5 Rb8) 18... Ra8) 18. Qd4 Ba5 19. f3 Nf6 (19... e5 $1 $17 20. Bxe5 Ng5) 20. Be5 (20. Nxa5 $11 Qxa5 21. a4) 20... Bc7 $17 21. Re1 Rb8 (21... Bxe5 22. Qxe5 Ra8 23. Qc3 $15) 22. Re2 Bxe5 23. Qxe5 Nd7 (23... Kh8 $17 24. Bxe6 Nd7) 24. Qd6 $1 $15 Nf8 {White must now prevent ...Qxd6.} (24... Kh8 {simplifies} 25. f4 Nf6 26. Qxd8 Rbxd8 27. Nd4 Rb8) 25. Qxc6 e5 26. Rd2 d4 27. Qe4 Kh8 28. c6 (28. Rc2 $11) 28... Qf6 $2 (28... Qd6 $1 $15 {keeps the upper hand.}) 29. Kh1 $2 (29. c7 $18) 29... Rbd8 (29... Qh6 $1 $17 30. Bd7 Nxd7 31. cxd7 Red8 32. Qxe5 Qh3) 30. Nc1 (30. c7 $18 {was the only winning move.}) 30... Ne6 (30... Qh6 $19 31. Rd1 Qxh3) 31. Bf5 $2 (31. Bxe6 $17 {is tougher.} Rxe6 32. c7) 31... Ng5 $19 32. Qc2 (32. Qd3 $142 Qxc6 33. Rd1) 32... Nxf3 33. c7 (33. Rf2 $142 Ne1 34. Qa4) 33... d3 $2 ({Black should play} 33... Nxd2 $19 34. cxd8=N Rxd8) 34. Qd1 $2 (34. c8=Q $2 Rxc8 35. Qd1 Qxf5 $19) (34. Rxd3 $2 Rxd3 35. Qxd3 Nd4 $19) (34. cxd8=R $14 Qxd8 35. Rxd3 (35. Qxd3 $2 Nxd2 36. Qxd8 Rxd8 $19)) 34... Nxd2 35. cxd8=Q Qxd8 (35... Rxd8 $142 36. Bxd3 Qc6+ 37. Kg1 Nf3+ 38. Kf2 e4) 36. Qh5 Qd5+ 37. Kg1 Nf3+ (37... Qc5+ $142 38. Kg2 g6 39. Bxg6 Qc6+ 40. Kh3 Qxg6 41. Qxg6 hxg6 42. Nxd3 e4) 38. Kf2 Ng5 39. Qxg5 $4 (39. Qxe8+ $18 Qg8 40. Qxg8+ (40. Qxe5 $2 d2 $19) 40... Kxg8 41. Nxd3) 39... Rf8 (39... d2 $142 40. Qh5 g6 41. Bxg6 Rf8+ 42. Bf5 Rxf5+ 43. Qxf5 Qc5+ 44. Ke2 dxc1=Q 45. Qf6+ Kg8 46. Qe6+ Kg7 47. Qd7+ Kf6 48. Qd8+ Kf7 49. Qd7+ Kf6 50. Qd8+ Kg7 51. Qd7+ Kf6) 40. Ke3 Qh1 $2 (40... d2 {mates} 41. Nd3 d1=Q 42. Qg4 {[#]} Q5xd3+ $3 43. Bxd3 Qxg4 44. Be4 Qd1 45. Bd3 Rf3+ 46. Ke4 Qxd3+ 47. Kxe5 Re3+ 48. Kf4 Qd4+ 49. Kg5 Re5#) 41. Nxd3 $40 {[%cal Og5h4][%mdl 128] Black needs to defend precisely.} Qg1+ 42. Ke2 Qd4 $2 {[%mdl 8192] Against Qh4} (42... Qxh2+ $11 {and Black stays safe.} 43. Ke3 Qg2) 43. Qh5 $18 ({Less strong is} 43. Qe7 Ra8 44. Kf3 (44. Nxe5 Rb8 $16) (44. Qxe5 Qxe5+ 45. Nxe5 Re8 $17) 44... Qg1 45. Qxe5 Qxh2 $18) 43... g6 44. Bxg6 {[%csl Gg6][%cal Rh5h7] White is clearly winning.} Kg7 (44... Qd7 $142 45. Be4 Kg8) 45. Qxh7+ Kf6 46. Qh6 {Threatens to win with Bh5+.} Qg4+ 47. Kd2 Qc8 48. Bh5+ {Weighted Error Value: White=1.28/Black=1.45} 1-0

[Event "Benidorm Open-A 2022"]
[Site "Benidorm"]
[Date "2022.12.09"]
[Round "8.13"]
[White "Rajarishi Karthi"]
[Black "Panjer, Sidney"]
[Result "1-0"]
[ECO "A50"]
[WhiteElo "2239"]
[BlackElo "2115"]
[Annotator "TA"]
[PlyCount "109"]
[EventDate "2022.12.03"]
[EventType "swiss"]
[EventCountry "ESP"]
[SourceTitle "playchess.com"]
[Source "ChessBase"]
[SourceQuality "1"]
[TimeControl "5400+30"]

1. d4 Nf6 2. c4 Nc6 3. Nf3 e6 4. Nc3 Bb4 5. Bg5 h6 6. Bh4 g5 7. Bg3 Ne4 8. Qd3 Nxg3 {E30: Nimzo-Indian: Leningrad Variation.} (8... d5 $11) 9. hxg3 $14 Qf6 10. e3 {[#]} e5 $146 {White is slightly better.} ({Predecessor:} 10... d6 11. Nd2 e5 12. Nd5 Bxd2+ 13. Qxd2 Qd8 14. O-O-O Be6 15. f4 e4 16. fxg5 Bxd5 17. cxd5 Nb8 18. Rh5 Nd7 19. Be2 Qe7 20. Qa5 O-O-O 21. Qxa7 hxg5 22. Bg4 c6 23. Rxh8 {1-0 (23) Kohalmi,E (2077)-Molnar,T (2112) Hungary 2005}) 11. O-O-O Bxc3 12. Qxc3 d6 13. d5 Ne7 14. Rd2 O-O 15. Ne1 c6 16. dxc6 Nxc6 17. f4 Kg7 (17... Be6 $14) 18. Bd3 $16 Bg4 19. Bc2 Rad8 20. Nd3 (20. fxg5 {is interesting.} Qxg5 21. Nf3 Qe7 22. Rh4) 20... Be6 21. Nf2 (21. fxg5 {feels hotter.} Qxg5 22. Nf4 Kg8 23. Qd3) 21... exf4 22. Qxf6+ Kxf6 23. gxf4 gxf4 24. exf4 ({Reject} 24. Rxh6+ Kg5 25. Rh1 fxe3 26. Ne4+ Kf4 $11) 24... Bxc4 {[#]} (24... Kg7 $14) 25. Rxh6+ (25. Ng4+ $1 $16 Ke7 26. Re1+ (26. Nxh6 Be6 $16) (26. Rxh6 Rh8 $11) 26... Kd7 27. Nf6+ (27. Nxh6 Nb4 $14) 27... Kc7 28. b3) 25... Ke7 $14 26. b3 Be6 27. Rh1 (27. f5 $5 Bc8 28. Re2+ Kd7 29. Ne4 $16) 27... d5 28. Re1 Kd6 29. Red1 {White is much more active.} (29. f5 $16 Bc8 30. Ne4+ Kc7 31. Nf6) 29... Kc5 30. Kb2 Rg8 31. f5 Bc8 32. g4 a5 33. Bd3 Rge8 34. Bf1 ({White should try} 34. g5 $16) 34... Re3 $11 35. Bg2 d4 36. Ne4+ Kb6 (36... Kb5 $1 $11) 37. Nf6 $36 {[%mdl 2048] aiming for Nd5+. Black is under strong pressure.} Rg3 38. Bxc6 Kxc6 39. Rxd4 Rg2+ $2 {[%mdl 8192] [#] This move loses the game for Black.} (39... Rxd4 $14 40. Rxd4 b5) 40. Kc3 $1 $18 {Black must now prevent Rc4+.} Rxd4 41. Kxd4 {[%mdl 4096] Endgame Hoping for Rc1+. KRB-KRN} b5 42. Rc1+ Kb7 43. a4 bxa4 44. bxa4 Rb2 45. Nd5 Rg2 46. Ne3 Ra2 47. Nc4 Rxa4 $2 (47... Ka6 48. Rb1 Rxa4) 48. Ke5 {Threatens to win with Nd6+. White is clearly winning.} Bd7 49. Nd6+ Kb6 50. g5 ({Weaker is} 50. Nxf7 Rxg4 51. f6 Rg2 $14) 50... Ra2 51. Nxf7 Rf2 52. Nd6 a4 53. g6 Rg2 54. Kf6 {And now g7 would win.} a3 55. Nc4+ {Weighted Error Value: White=0.16 (very precise) /Black=0.38} 1-0